 Dungeon Crawl Stone Soup version 0.31.0-32-g396128a36d (webtiles) character file.

Game seed: 8219834388405744302

41 imdaedric the Sneak (level 3, -2/18 HPs)
             Began as a Spriggan Brigand on Apr 24, 2024.
             Slain by a ribbon worm (6 damage)
             ... on level 2 of the Dungeon.
             The game lasted 00:02:15 (1112 turns).

imdaedric the Sneak (Spriggan Brigand)              Turns: 1112, Time: 00:02:16

Health: -2/18      AC:  3    Str:  7    XL:     3   Next: 32%
Magic:  4/4        EV: 14    Int: 12    God:
Gold:   19         SH:  0    Dex: 18    Spells: 2/2 levels left

rFire   . . .        a - +2 dagger
rCold   . . .        (no shield)
rNeg    . . .        b - +0 robe
rPois   .            (helmet restricted)
rElec   .            c - +0 cloak
rCorr   .            (gloves unavailable)
SInv    +            (boots unavailable)
Will    .....        (no amulet)
Stlth   +++          (no ring)
HPRegen 0.23/turn    (no ring)
MPRegen 0.09/turn

%: no passive effects
@: constricted, very quick
A: very small, no large weapons, unfitting armour, see invisible, speed 3
a: no special abilities


You were on level 2 of the Dungeon.
You visited 1 branch of the dungeon, and saw 3 of its levels.

You collected 19 gold pieces.

Inventory:

Hand Weapons
 a - a +2 dagger (weapon)
Missiles
 d - 14 poisoned darts (quivered)
 e - 3 curare-tipped darts
Armour
 b - a +0 robe (worn)
 c - a +0 cloak (worn)
Scrolls
 f - a scroll of vulnerability {unknown}
 h - a scroll of enchant armour {unknown}
Potions
 g - a potion of mutation {unknown}


   Skills:
 + Level 2.0 Fighting
 + Level 2.6 Short Blades
 + Level 2.4 Throwing
 + Level 2.2 Dodging
 + Level 6.3 Stealth


You had 2 spell levels left.
You didn't know any spells.
Your spell library contained the following spells:

 Spells                   Type           Power      Damage    Failure   Level
 Apportation              Tloc           0%         N/A       32%         1
 Necrotise                Necr           0%         1d4       32%         1
 Sting                    Conj/Alch      0%         1d3       32%         1
 Summon Small Mammal      Summ           0%         N/A       32%         1


Dungeon Overview and Level Annotations

Branches:
Dungeon (3/15)

Altars:
Nemelex Xobeh

Shops:
D:1 [


Innate Abilities, Weirdness & Mutations

You are very small and have problems with some larger weapons.
You are too small for most types of armour.
You have supernaturally acute eyesight. (SInv)
You cover ground extremely quickly. (Speed+++)


Message History

The ball python bites you but does no damage.
The ball python barely misses you.
The ribbon worm expels a string of sticky webbing.
The stream of webbing hits you but does no damage.
You are caught in a web!
The web tears apart.
The ball python barely misses you. The ball python closely misses you.
The adder misses you.
You hit the ribbon worm.
The ribbon worm is moderately wounded.
The ball python closely misses you. The ball python misses you.
The adder closely misses you. The ribbon worm bites you.
The ball python misses you. The ball python barely misses you.
You hit the ribbon worm.
The ribbon worm is heavily wounded.
The adder bites you. The ribbon worm misses you.
The ball python closely misses you. The ball python grabs you.
The ball python constricts you. The adder barely misses you.
You hit the ribbon worm.
The ribbon worm is severely wounded.
The adder closely misses you. The ball python closely misses you.
The ball python constricts you.
The ribbon worm bites you but does no damage.
You barely miss the ribbon worm.
The ribbon worm is heavily wounded.
The adder completely misses you. The ball python closely misses you.
The ball python constricts you.
You hit the ribbon worm.
The ribbon worm is severely wounded.
The adder bites you but does no damage.
The ribbon worm expels a string of sticky webbing.
The stream of webbing hits you but does no damage.
You are caught in a web!
The ball python bites you. The ball python constricts you.
The web tears apart.
The adder bites you but does no damage. The ball python bites you.
* * * LOW HITPOINT WARNING * * *
The ball python constricts you.
* * * LOW HITPOINT WARNING * * *
The ribbon worm bites you.
You die...

...#.# #>.##...##.>#
#....# #...#...#..)#
#....# ##..#...#'.##
#....# #####.....###.
#....###.....).......
#####....#........⌠......
#..........#.............
##.....#.S†##.###.....###.
........S@#..##.'#...#..##
........w.#..#...#...#...#
#...$...#.+..#>.##...##.<#
##......###..### #....####
#......# #....# ####.#
##.....†# #....# .#
#.......# #....# #
#.$.....###....#
........##..####


You could see a ribbon worm (catching breath), an adder and a ball python.

Vanquished Creatures
  5 ball pythons
  4 endoplasms
  5 giant cockroaches
  2 goblins
  3 hobgoblins
  2 jackals (D:1)
  3 kobolds (D:1)
  2 quokkas (D:1)
  3 bats
  2 frilled lizards (D:1)
  4 rats
35 creatures vanquished.

Notes
Turn   | Place    | Note
-------+----------+-------------------------------------------
     0 | D:1      | imdaedric the Spriggan Brigand began the quest for the Orb.
     0 | D:1      | Reached XP level 1. HP: 10/10 MP: 2/2
    96 | D:1      | Reached skill level 6 in Stealth
   102 | D:1      | Reached XP level 2. HP: 5/15 MP: 3/3
   609 | D:1      | Found Irghen's Armour Shoppe.
   639 | D:1      | Reached XP level 3. HP: 18/18 MP: 4/4
   886 | D:2      | Found a sparkling altar of Nemelex Xobeh.
   902 | D:2      | You fall into a shaft and drop 1 floor!
   952 | D:2      | Found a faded altar of an unknown god.
  1112 | D:2      | Slain by a ribbon worm

Illustrated notes

Levels and vault maps discovered:
D:1:      lightli_arrival_lavapool, layout_basic, serial_shops,
          nicolae_shop_window_shopping
D:2:      layout_basic, basic_altar, dreamdust_ecumenical_altar_grove,
          serial_shops, shop, grunt_ministairs_6, st_stairs_5
D:3:      layout_rooms, minmay_misc_feat_alley, uniq_natasha

Skill      XL: |  1  2  3 |
---------------+----------+-----
Stealth        | 6 |  6.3
Dodging        | 2 |  2.2
Fighting       | 2 |  2.0
Short Blades   | |  2.6
Throwing       | |  2.4

Action                     || total
---------------------------++-------
  Melee: Dagger            ||   130
   Stab: Sleeping          ||    12
 Armour: Robe              ||    42
  Dodge: Dodged            ||   102
